 Dungeon Crawl Stone Soup version 0.23-a0-844-gdc03e01 (console) character file.

5 bli the Skirmisher (level 1, -1/18 HPs)
             Began as a Formicid Abyssal Knight on Jan 26, 2019.
             Was a Follower of Lugonu.
             Slain by a jackal (3 damage)
             ... on level 1 of the Dungeon.
             The game lasted 00:00:58 (196 turns).

bli the Skirmisher (Formicid Abyssal Knight)         Turns: 196, Time: 00:00:59

Health: -1/18      AC:  3    Str: 16    XL:     1   Next: 88%
Magic:  2/2        EV: 11    Int: 11    God:    Lugonu [*.....]
Gold:   0          SH:  0    Dex: 10    Spells: 0/0 levels left

rFire    . . .     SeeInvis +   a - +1 hand axe
rCold    . . .     Gourm    .   (no shield)
rNeg     . . .     Faith    .   b - +0 leather armour
rPois    .         Spirit   .   (helmet unavailable)
rElec    .         Reflect  .   (no cloak)
rCorr    .         Harm     .   (no gloves)
MR       .....                  (no boots)
Stlth    +.........             (no amulet)
HPRegen  0.06/turn              (no ring)
MPRegen  0.08/turn              (no ring)

@: no status effects
A: permanent stasis, dig shafts and tunnels, four strong arms, antennae 3
a: Dig, Shaft Self, Depart the Abyss, Renounce Religion


You were on level 1 of the Dungeon.
You worshipped Lugonu.
Lugonu was aware of your devotion.
You were not hungry.

You visited 1 branch of the dungeon, and saw 1 of its levels.
You visited the Abyss 1 time.

Inventory:

Hand Weapons
 a - a +1 hand axe (weapon)
 e - a +2 dagger of protection
Armour
 b - a +0 leather armour (worn)
Comestibles
 c - a ration


   Skills:
 - Level 3.2 Fighting
 - Level 2.0 Axes
 - Level 2.1 Armour
 + Level 1.6 Dodging
 - Level 2.1 Invocations


You couldn't memorise any spells.
You didn't know any spells.
Your spell library was empty.

Dungeon Overview and Level Annotations

Branches:
Dungeon (1/15)

Altars:


Innate Abilities, Weirdness & Mutations

You cannot be hasted, slowed, berserked, paralysed or teleported.
You can dig through walls and to a lower floor.
Your four strong arms can wield two-handed weapons with a shield.
You have a pair of large antennae on your head. (SInv)


Message History

The jackal bites you.
* * * LOW HITPOINT WARNING * * *
The giant cockroach bites you but does no damage.
You hit the giant cockroach but do no damage.
The giant cockroach is almost dead.
You hit the jackal but do no damage. You hit the hobgoblin but do no damage.
The hobgoblin misses you. The giant cockroach bites you.
* * * LOW HITPOINT WARNING * * *
You hit the giant cockroach.
You kill the giant cockroach!
Lugonu accepts your kill.
You can now depart the Abyss.
You barely miss the jackal. You closely miss the hobgoblin.
The bat closely misses you. The hobgoblin closely misses you.
The jackal barely misses you.
You hit the jackal but do no damage. You closely miss the hobgoblin.
You hit the jackal. The hobgoblin closely misses you.
The jackal barely misses you.
You closely miss the jackal.
The jackal is moderately wounded.
You barely miss the hobgoblin. You barely miss the jackal.
The hobgoblin misses you. The jackal barely misses you. The jackal bites you.
You die...

....##.....#
....8......
..........#
.........#
#...r...


.hhbs# #hhg# #@# ### You could see 4 jackals, a giant cockroach, a hobgoblin, a
bat and a rat.

Vanquished Creatures
  A giant cockroach (D:1)
  3 jackals (D:1)
4 creatures vanquished.

Notes
Turn   | Place    | Note
-------+----------+-------------------------------------------
     0 | Abyss:1  | bli the Formicid Abyssal Knight began the quest for the
                  | Orb.
     0 | Abyss:1  | Reached XP level 1. HP: 18/18 MP: 2/2
   176 | Abyss:1  | Noticed a quasit
   181 | Abyss:1  | Noticed a fire bat
   184 | D:1      | Escaped the Abyss
   187 | D:1      | Reached skill level 1 in Dodging
   194 | D:1      | Reached * piety under Lugonu
   196 | D:1      | Slain by a jackal

Vault maps used:
D:1:      eino_arrival_cavern_d

Skill      XL: |  1 |
---------------+----+-----
Dodging        | 1 |  1.6
Fighting       | |  3.2
Axes           | |  2.0
Armour         | |  2.1
Invocations    | |  2.1

Action                   || total
-------------------------++-------
Melee: Hand axe          ||    10
Invok: Depart the Abyss  ||     1
  Use: Potion            ||     1
Armor: Leather armour    ||     6
Dodge: Dodged            ||    21

Table legend:
 A = Non-vault XP
 B = Vault XP
 C = Vault XP percentage of total XP
 D = Non-vault monster count
 E = Vault monster count
 F = Vault count percentage of total count
                 A         B        C        D         E       F
            +---------+---------+-------+---------+---------+-------
      Total |       8 |       0 |   0.0 |       4 |       0 |   0.0
            +---------+---------+-------+---------+---------+-------
        D:1 |       8 |       0 |   0.0 |       4 |       0 |   0.0
            +---------+---------+-------+---------+---------+-------
